 Dungeon Crawl Stone Soup version 0.20.1-1-g8b1a95d (webtiles) character file.

118100 slacker the Executioner (level 16, -12/211 HPs)
             Began as a Minotaur Berserker on Aug 8, 2017.
             Was a High Priest of Trog.
             Mangled by a tarantella (13 damage)
             ... on level 1 of the Spider Nest.
             The game lasted 01:13:10 (28721 turns).

slacker the Executioner (Minotaur Berserker)       Turns: 28721, Time: 01:13:16

Health: -12/211    AC: -3    Str: 32    XL:     16   Next: 24%
Magic:  15/15      EV: 16    Int:  4    God:    Trog [*****.]
Gold:   1295       SH:  0    Dex: 15    Spells: 15/15 levels left

rFire    . . .     SeeInvis +   Y - +4 executioner's axe (freeze)
rCold    + . .     Gourm    .   (shield currently unavailable)
rNeg     . . .     Faith    +   P - +2 plate armour {rPois}
rPois    +         Spirit   .   J - +0 mask of the Dragon {MR+ Slay+3 SInv}
rElec    .         Reflect  .   M - scarf {cloud immunity}
rCorr    .         Harm     .   T - +0 pair of gloves (curse)
MR       ++++.                  F - +0 pair of boots
Stlth    ..........             V - amulet of faith
Regen    1.5/turn               q - +3 ring of strength
MPRegen  0.2/turn               w - ring of protection from cold

@: confused, berserking, corroded, regenerating, very quick
A: retaliatory headbutt, horns 2
a: Berserk, Trog's Hand, Brothers in Arms, Burn Spellbooks, Renounce Religion


You were on level 1 of the Spider Nest.
You worshipped Trog.
Trog was extremely pleased with you.
You were not hungry.

You visited 5 branches of the dungeon, and saw 25 of its levels.
You also visited: Labyrinth.

You collected 2066 gold pieces.
You spent 771 gold pieces at shops.

Inventory:

Hand Weapons
 f - a +1 antimagic battleaxe
 Y - a +4 executioner's axe of freezing (weapon)
Armour
 d - a scarf of spirit shield
 F - a +0 pair of boots (worn)
 J - the +0 mask of the Dragon (worn) {MR+ Slay+3 SInv}
   (You bought it in a shop on level 2 of the Orcish Mines)

   It affects your accuracy and damage with ranged weapons and melee attacks
   (+3).
   It affects your resistance to hostile enchantments.
   It lets you see invisible.
 M - a scarf of cloud immunity (worn)
 P - a +2 plate armour of poison resistance (worn)
 T - a cursed +0 pair of gloves (worn)
Jewellery
 a - an uncursed ring of poison resistance
 m - an uncursed ring of resist corrosion
 q - a +3 ring of strength (left hand)
 w - a ring of protection from cold (right hand)
 x - an uncursed ring of teleportation
 z - an uncursed amulet of the gourmand
 D - an uncursed ring of positive energy
 K - an uncursed ring of protection from cold
 V - an amulet of faith (around neck)
 Z - an uncursed ring of positive energy
Wands
 n - a wand of confusion (20/48)
 s - a wand of acid (13/15)
 v - a wand of disintegration (22/24)
 y - a wand of iceblast (12/15)
 A - a wand of clouds (2/9)
 I - a wand of lightning (8/15)
 S - a wand of flame (18/48)
 W - a wand of enslavement (1/24)
Scrolls
 e - 10 scrolls of teleportation
 g - 9 scrolls of enchant armour
 l - 4 scrolls of fear
 p - 8 scrolls of remove curse
 r - 4 scrolls of recharging
 E - 2 scrolls of magic mapping
 G - 4 scrolls of fog
 H - 2 scrolls of enchant weapon
 N - a scroll of identify
 R - a scroll of immolation
 X - 2 scrolls of blinking
Potions
 b - a potion of heal wounds
 i - 4 potions of might
 j - 2 potions of mutation
 k - 13 potions of curing
 o - 3 potions of flight
 t - 4 potions of lignification
 B - 3 potions of agility
 Q - 2 potions of cancellation
Miscellaneous
 L - a fan of gales
Comestibles
 c - 12 bread rations
 h - 23 fruits
 u - 7 royal jellies
 C - 8 meat rations


   Skills:
 - Level 12.9 Fighting
 + Level 24.5 Axes
 - Level 12.7 Armour
 - Level 12.1 Dodging


You had 15 spell levels left.
You didn't know any spells.

Dungeon Overview and Level Annotations

Branches:
Dungeon (15/15)            Temple (1/1) D:6            Lair (6/6) D:11
 Shoals (0/4) Lair:4       Spider (1/4) Lair:3        Slime (0/5) Lair:6
    Orc (2/2) D:11            Elf (0/3) Orc:2        Vaults (0/5) D:14
 Depths (0/5) D:15

Altars:
Ashenzari
Cheibriados
Dithmenos
Elyvilon
Fedhas
Gozag
Hepliaklqana
Kikubaaqudgha
Makhleb
Nemelex Xobeh
Okawaru
Qazlal
Ru
Sif Muna
Trog
Uskayaw
Vehumet
Xom
Yredelemnul
Zin
The Shining One
Beogh

Shops:
D:11 *   Orc:2 :[%*


Innate Abilities, Weirdness & Mutations

You reflexively headbutt those who attack you in melee.
You have a pair of horns on your head.


Message History

A red film seems to cover your vision as you go berserk!
You feel yourself moving faster!
You feel mighty!
You feel a lot more hungry. The tarantella bites you!
* * * LOW HITPOINT WARNING * * *
You are confused.
The wolf spider hits you!!
* * * LOW HITPOINT WARNING * * *
The wolf spider bites you!
* * * LOW HITPOINT WARNING * * *
The tarantella bites you.
* * * LOW HITPOINT WARNING * * *
The entropy weaver closely misses you. The entropy weaver misses you.
The entropy weaver hits you.
* * * LOW HITPOINT WARNING * * *
The entropy weaver hits you!
* * * LOW HITPOINT WARNING * * *
The wolf spider hits you.
* * * LOW HITPOINT WARNING * * *
The wolf spider barely misses you. The tarantella bites you!
You die...

..
####........###
..###.....^...###
#..#....####..#
......#†# ....#
##.#....# #..##
##.....####...
##...†......##
#..††.##....
#..#.@s# .#
#.##sas.....# #.
#....##... #
##...# # .....
...#.. #..##..
.... ...


You could see an entropy weaver, a wolf spider and 2 tarantellas.

Vanquished Creatures
  Kirke (D:13)
  A fire giant (D:15)
  2 orc warlords (Orc:2)
  3 entropy weavers
  2 dire elephants (Lair:6)
  2 fire dragons
  A minotaur (Lab)
  An ogre mage (Orc:2)
  4 vault guards (D:14)
  A catoblepas (D:14)
  5 hydras
  4 centaur warriors
  10 two-headed ogres
  2 tengu warriors (D:15)
  6 death yaks
  4 orc high priests (Orc:2)
  A queen ant (Lair:5)
  4 skeletal warriors (D:14)
  4 unseen horrors
  A wizard (D:14)
  6 orc knights
  An orb spider (Spider:1)
  2 wolf spider zombies
  A necromancer (Lair:3)
  A lindwurm (Lair:6)
  5 wolf spiders
  2 cyclopes (D:15)
  9 ugly things
  2 manticores
  5 orc sorcerers (Orc:2)
  2 merfolk sirens (Lair:4)
  11 black mambas (Lair:6)
  A guardian serpent (Lair:6)
  Maurice (D:13)
  11 elephants
  4 centaur zombies
  A torpor snail (Spider:1)
  2 gargoyles
  22 spiny frogs
  A centaur skeleton (D:7)
  4 rime drakes
  A freezing wraith (D:15)
  10 komodo dragons
  3 demonic crawlers (Spider:1)
  An efreet (D:14)
  2 tengu conjurers
  9 trolls
  2 merfolk (Lair:4)
  5 jumping spiders
  A polar bear (Lair:4)
  3 hornets
  A hornet (shapeshifter) (D:15)
  13 blink frogs (Lair:4)
  6 dream sheep (Lair:6)
  16 hippogriffs
  9 redbacks
  A centaur simulacrum (D:15)
  A wraith (D:12)
  14 yaks
  2 humans (D:14)
  A spriggan (D:8)
  4 tarantellas (Spider:1)
  12 wyverns
  A shadow (D:13)
  Grum (D:8)
  A fire elemental (Lair:4)
  6 hogs (D:13)
  7 basilisks
  A hungry ghost (D:7)
  5 wargs
  6 soldier ants (Lair:5)
  An acid dragon (D:13)
  18 water moccasins
  Duvessa (D:7)
  44 orc warriors
  6 porcupines
  2 black bears
  8 ice beasts
  6 sky beasts
  An eye of draining (D:10)
  A hornet zombie (D:13)
  18 ogres
  14 wolves
  2 phantoms
  16 centaurs
  14 crocodiles
  Blork the orc (D:6)
  A big kobold (D:10)
  25 bullfrogs
  A wyvern zombie (D:9)
  Dowan (D:7)
  A wyvern skeleton (D:14)
  4 scorpions
  17 killer bees
  10 howler monkeys
  10 wights
  An electric eel (Lair:4)
  3 crimson imps
  3 bullfrog zombies
  A quasit (D:6)
  5 hounds
  31 orc priests
  3 bullfrog skeletons
  6 jellies
  33 orc wizards
  A hell rat (D:11)
  28 worker ants
  2 polar bear simulacra (Lair:3)
  4 yak simulacra (Lair:3)
  3 wolf simulacra (Lair:3)
  A hound zombie (D:6)
  A howler monkey zombie (D:5)
  12 adders
  8 gnolls
  4 shadow imps
  6 oozes (Lair:6)
  An adder zombie (D:4)
  2 worms
  3 dart slugs
  3 leopard geckos
  122 orcs
  11 bats
  3 giant cockroaches
  7 goblins
  8 hobgoblins
  15 iguanas
  12 jackals
  11 kobolds
  2 quokkas (D:5)
  3 ball pythons
  7 frilled lizards
  A giant cockroach zombie (D:5)
  2 jackal skeletons
  A quokka skeleton (D:5)
  9 rats
  2 river rat simulacra (Lair:3)
  6 fungi
  6 plants
914 creatures vanquished.

Vanquished Creatures (collateral kills)
  A manticore (D:15)
1 creature vanquished.

Vanquished Creatures (others)
  A wyvern (Lair:6)
  23 fungi (Lair:6)
  38 plants
62 creatures vanquished.

Grand Total: 977 creatures vanquished

Notes
Turn   | Place    | Note
-------+----------+-------------------------------------------
     0 | D:1      | slacker the Minotaur Berserker began the quest for the Orb.
     0 | D:1      | Reached XP level 1. HP: 19/19 MP: 0/0
    96 | D:1      | Reached skill level 4 in Axes
   127 | D:1      | Reached XP level 2. HP: 24/26 MP: 1/1
   357 | D:1      | Reached ** piety under Trog
   357 | D:1      | Reached skill level 5 in Axes
   437 | D:1      | Reached XP level 3. HP: 29/31 MP: 2/2
   570 | D:2      | Reached skill level 6 in Axes
   570 | D:2      | Reached XP level 4. HP: 39/39 MP: 3/3
  1008 | D:2      | Found a sacrificial altar of Ru.
  1642 | D:3      | Reached *** piety under Trog
  1660 | D:3      | Reached XP level 5. HP: 39/45 MP: 4/4
  1731 | D:3      | Reached skill level 7 in Axes
  1820 | D:3      | Found a snail-covered altar of Cheibriados.
  2127 | D:4      | Reached skill level 8 in Axes
  2172 | D:4      | Reached XP level 6. HP: 51/51 MP: 5/5
  2191 | D:4      | Found a sparkling altar of Nemelex Xobeh.
  2354 | D:4      | Reached skill level 9 in Axes
  2461 | D:4      | You fall through a shaft for 2 floors!
  2497 | D:5      | Entered Level 5 of the Dungeon
  2551 | D:5      | Reached XP level 7. HP: 42/57 MP: 6/6
  2718 | D:4      | Found an opulent altar of Gozag.
  2894 | D:4      | Reached skill level 10 in Axes
  3248 | D:5      | Found a bloodstained altar of Trog.
  3262 | D:5      | Found a stormy altar of Qazlal.
  3478 | D:5      | Found a hazy altar of Hepliaklqana.
  3617 | D:5      | Found a basalt altar of Yredelemnul.
  3698 | D:6      | Noticed Blork the orc
  3703 | D:6      | Killed Blork the orc
  3703 | D:6      | Reached **** piety under Trog
  3703 | D:6      | Reached skill level 11 in Axes
  3928 | D:6      | Found a staircase to the Ecumenical Temple.
  4075 | D:6      | Reached XP level 8. HP: 54/64 MP: 7/7
  4217 | D:6      | Reached skill level 12 in Axes
  4224 | Temple   | Entered the Ecumenical Temple
  4381 | D:7      | Found a blossoming altar of Fedhas.
  4528 | D:7      | Noticed Duvessa
  4528 | D:7      | Noticed Dowan
  4535 | D:7      | Killed Duvessa
  4540 | D:7      | Killed Dowan
  4542 | D:7      | Reached skill level 13 in Axes
  4636 | D:7      | Noticed a hippogriff
  4643 | D:7      | Killed a hippogriff
  4643 | D:7      | Reached XP level 9. HP: 46/70 MP: 8/8
  4665 | D:7      | Reached skill level 14 in Axes
  4792 | D:7      | Found a shimmering altar of Xom.
  4800 | D:7      | Noticed a gargoyle
  4807 | D:7      | Killed a gargoyle
  4870 | D:7      | Reached skill level 15 in Axes
  5070 | D:7      | Received a gift from Trog
  5468 | D:8      | Got a warped ring mail
  5551 | D:8      | Identified the +4 ring mail of Wycoekk {SInv} (You found it on level 8 of the Dungeon)
  5593 | D:8      | Noticed a two-headed ogre
  5604 | D:8      | Killed a two-headed ogre
  5604 | D:8      | Reached skill level 16 in Axes
  5604 | D:8      | Reached XP level 10. HP: 36/77 MP: 9/9
  5894 | D:8      | Noticed Grum
  5911 | D:8      | Killed Grum
  6399 | D:9      | Noticed a two-headed ogre
  6405 | D:9      | Killed a two-headed ogre
  6405 | D:9      | Reached skill level 5 in Fighting
  6507 | D:9      | Reached skill level 5 in Armour
  6749 | D:9      | Reached skill level 5 in Dodging
  6833 | D:9      | Found a shimmering altar of Xom.
  6881 | D:9      | Reached ***** piety under Trog
  7099 | D:10     | Entered Level 10 of the Dungeon
  7733 | D:10     | Reached XP level 11. HP: 77/92 MP: 10/10
  7774 | D:10     | Found a shattered altar of Ashenzari.
  8388 | D:11     | Found Wam Nus's General Store.
  8404 | D:11     | Bought a scroll of fog for 30 gold pieces
  8441 | D:11     | Noticed a death yak
  8442 | D:11     | Noticed a death yak
  8447 | D:11     | Noticed a death yak
  8453 | D:11     | Killed a death yak
  8458 | D:11     | Killed a death yak
  8460 | D:11     | Killed a death yak
  8466 | D:11     | Found a staircase to the Lair.
  8490 | D:11     | Found a staircase to the Orcish Mines.
  8513 | D:11     | Noticed an orc knight
  8529 | D:11     | Killed an orc knight
  8539 | D:11     | Found a roughly hewn altar of Beogh.
  9009 | D:11     | Noticed a purple ugly thing
  9019 | D:11     | Killed a purple ugly thing
  9394 | D:11     | Noticed a green ugly thing
  9401 | D:11     | Killed a green ugly thing
  9489 | D:11     | Noticed an unseen horror
  9502 | D:11     | Killed an unseen horror
  9670 | D:11     | Reached skill level 10 in Fighting
  9977 | Lair:1   | Entered Level 1 of the Lair of Beasts
  9983 | Lair:1   | Reached XP level 12. HP: 74/106 MP: 11/11
 10077 | Lair:1   | Noticed an eight-headed hydra
 10087 | Lair:1   | Killed a 12-headed hydra
 10335 | Lair:1   | Reached skill level 17 in Axes
 10610 | Lair:1   | Received a gift from Trog
 11212 | Lair:1   | Noticed a six-headed hydra
 11221 | Lair:1   | Killed a 12-headed hydra
 11221 | Lair:1   | Reached skill level 18 in Axes
 11510 | Lair:2   | Found a labyrinth entrance.
 11519 | Lab      | Entered a labyrinth
 12868 | Lab      | Noticed a minotaur
 12876 | Lab      | Killed a minotaur
 12882 | Lab      | Got a pitted broad axe
 12882 | Lab      | Got a polished buckler
 12893 | Lab      | Identified the cursed +2 broad axe of Hocamus {chop, rF+} (You found it in a labyrinth)
 12899 | Lab      | Identified the +0 buckler of Pojuf {rN+ Int+3 Dex+2} (You found it in a labyrinth)
 13751 | Lair:3   | Reached skill level 19 in Axes
 13917 | Lair:3   | Found a hole to the Spider Nest.
 14240 | Lair:3   | Got an iridescent falchion
 14789 | Lair:3   | Identified the cursed +1 falchion of Context {freeze, +Blink MP+9 Stlth+} (You found it on level 3 of the Lair of Beasts)
 14818 | Lair:4   | Reached XP level 13. HP: 112/113 MP: 12/12
 15157 | Lair:4   | Reached skill level 20 in Axes
 15400 | Lair:4   | Received a gift from Trog
 15638 | Lair:4   | Found a staircase to the Shoals.
 16420 | Lair:5   | Noticed an entropy weaver
 16420 | Lair:5   | Noticed an entropy weaver
 16424 | Lair:5   | Killed an entropy weaver
 16434 | Lair:5   | Killed an entropy weaver
 16434 | Lair:5   | Reached skill level 10 in Armour
 17192 | Lair:6   | Entered Level 6 of the Lair of Beasts
 17587 | Lair:6   | Found a staircase to the Slime Pits.
 17620 | Lair:6   | Reached skill level 10 in Dodging
 17708 | Lair:6   | Received a gift from Trog
 18236 | Lair:6   | Reached XP level 14. HP: 85/124 MP: 4/13
 18526 | Lair:6   | Received a gift from Trog
 19937 | Orc:1    | Entered Level 1 of the Orcish Mines
 20105 | Orc:2    | Entered Level 2 of the Orcish Mines
 20535 | Orc:2    | Received a gift from Trog
 20623 | Orc:2    | Found a staircase to the Elven Halls.
 20806 | Orc:2    | Found a roughly hewn altar of Beogh.
 20806 | Orc:2    | Noticed an orc warlord
 20830 | Orc:2    | Killed an orc warlord
 20882 | Orc:2    | Reached skill level 21 in Axes
 20929 | Orc:2    | Found Nyaqaumn's Book Shoppe.
 21230 | Orc:2    | Found Rizyorao's Armour Emporium.
 21253 | Orc:2    | Bought the +0 mask of the Dragon {MR+ Slay+3 SInv} for 501 gold pieces
 21391 | Orc:2    | Found a roughly hewn altar of Beogh.
 21395 | Orc:2    | Reached XP level 15. HP: 56/134 MP: 14/14
 21416 | Orc:2    | Noticed an orc warlord
 21423 | Orc:2    | Killed an orc warlord
 21482 | Orc:2    | Found Luaphu's Food Boutique.
 21503 | Orc:2    | Found Kuatyt's Assorted Antiques.
 21514 | Orc:2    | Bought a runed scarf for 240 gold pieces
 21848 | Orc:2    | Received a gift from Trog
 23618 | D:12     | Received a gift from Trog
 23620 | D:12     | Reached skill level 22 in Axes
 23947 | D:13     | Noticed Maurice
 24014 | D:13     | Killed Maurice
 24723 | D:13     | Noticed Kirke
 24735 | D:13     | Killed Kirke
 25161 | D:14     | Received a gift from Trog
 25415 | D:14     | Reached skill level 23 in Axes
 26336 | D:14     | Found a gate to the Vaults.
 26533 | D:15     | Entered Level 15 of the Dungeon
 26654 | D:15     | Reached XP level 16. HP: 75/141 MP: 15/15
 26924 | D:15     | Reached skill level 24 in Axes
 26936 | D:15     | Found a staircase to the Depths.
 27217 | D:15     | Received a gift from Trog
 27224 | D:15     | Found a shattered altar of Ashenzari.
 27334 | D:15     | Found a white marble altar of Elyvilon.
 28078 | Spider:1 | Entered Level 1 of the Spider Nest
 28721 | Spider:1 | HP: 4/211 [entropy weaver (16)]
 28721 | Spider:1 | HP: 1/211 [wolf spider (3)]
 28721 | Spider:1 | Mangled by a tarantella

Skill      XL: |  1  2  3  4  5  6  7  8  9 10 11 12 13 14 15 16 |
---------------+-------------------------------------------------+-----
Axes           | 4 5 6 8 9 11 13 16 19 20 21 23 24 | 24.5
Fighting       | 7 10 11 12 | 12.9
Armour         | 6 9 11 12 | 12.7
Dodging        | 6 8 10 12 | 12.1

Action                   |  1- 3 |  4- 6 |  7- 9 | 10-12 | 13-15 | 16-18 || total
-------------------------+-------+-------+-------+-------+-------+-------++-------
Melee: Hand axe          |    62 |   158 |    23 |       |       |       ||   243
       Headbutt          |    10 |    31 |    61 |   139 |   230 |    20 ||   491
       War axe           |       |       |   207 |   341 |       |       ||   548
       Battleaxe         |       |       |       |   191 |   486 |       ||   677
       Executioner's axe |       |       |       |       |   462 |    90 ||   552
Invok: Berserk           |     1 |     1 |     3 |     8 |    15 |     1 ||    29
       Trog's Hand       |       |     1 |     1 |     7 |    19 |     1 ||    29
       Burn Spellbooks   |       |       |     1 |     2 |     4 |       ||     7
       Brothers in Arms  |       |       |       |       |     1 |       ||     1
Evoke: Wand              |       |     1 |       |     1 |       |     2 ||     4
  Use: Scroll            |       |       |    16 |    12 |    13 |     1 ||    42
       Potion            |       |       |       |       |    15 |       ||    15
 Stab: Confused          |       |       |       |     1 |       |     1 ||     2
  Eat: Chunk             |       |     7 |    21 |    38 |    50 |     3 ||   119
       Bread ration      |       |       |     2 |       |       |       ||     2
       Fruit             |       |       |     1 |       |       |       ||     1
       Meat ration       |       |       |       |       |       |     1 ||     1
       Royal jelly       |       |       |       |       |       |     1 ||     1
Armor: Ring mail         |     9 |       |     1 |   173 |   177 |       ||   360
       Animal skin       |     1 |       |       |       |       |       ||     1
       Chain mail        |    30 |    71 |    89 |       |       |       ||   190
       Plate armour      |       |       |       |       |   145 |    47 ||   192
Dodge: Dodged            |    48 |    60 |    82 |   352 |   708 |    63 ||  1313
